 Dungeon Crawl Stone Soup version 0.24-b1 (webtiles) character file.

Game seed: 17183732025109801882, levelgen mode: deterministic

210 Arixos the Charmwright (level 5, -5/27 HPs)
             Began as a Vine Stalker Skald on Oct 13, 2019.
             Slain by Blork the orc
             ... wielding a +0 dire flail
              (13 damage)
             ... on level 4 of the Dungeon.
             The game lasted 00:10:45 (2608 turns).

Arixos the Charmwright (Vine Stalker Skald)         Turns: 2608, Time: 00:10:45

Health: -5/27      AC:  4    Str: 13    XL:     5   Next: 87%
Magic:  0/10       EV: 12    Int: 13    God:
Gold:   181        SH:  0    Dex: 15    Spells: 1/9 levels left

rFire    . . .     SeeInvis .   a - +0 falchion
rCold    . . .     Gourm    .   (no shield)
rNeg     + . .     Faith    .   b - +0 leather armour
rPois    .         Spirit   +   (no helmet)
rElec    .         Reflect  .   (no cloak)
rCorr    .         Harm     .   j - +0 pair of gloves
MR       .....                  (no boots)
Stlth    ++........             (no amulet)
HPRegen  0.49/turn              k - ring of flight
MPRegen  0.12/turn              n - ring of positive energy

@: no status effects
A: fangs 2, regeneration 1, magic shield, antimagic bite, no potion heal 3, rot
immunity
a: Evoke Flight


You were on level 4 of the Dungeon.
You were hungry.

You visited 1 branch of the dungeon, and saw 4 of its levels.

You collected 181 gold pieces.

Inventory:

Hand Weapons
 a - a +0 falchion (weapon)
Missiles
 i - 15 poisoned darts (quivered)
Armour
 b - a +0 leather armour (worn)
 j - a +0 pair of gloves (worn)
Jewellery
 k - a ring of flight (left hand)
 n - a ring of positive energy (right hand)
Wands
 q - a wand of acid (8)
 s - a wand of flame (10)
Scrolls
 e - 3 scrolls of identify {unknown}
 l - a scroll of fog {unknown}
 p - a scroll of enchant armour {unknown}
 r - a scroll of magic mapping {unknown}
 u - a scroll of teleportation {unknown}
Potions
 c - a potion of cancellation {unknown}
 g - a potion of heal wounds {unknown}
 h - 2 potions of might {unknown}
 m - 2 potions of curing {unknown}
 o - 3 potions of lignification {unknown}
 t - 2 potions of haste {unknown}
Comestibles
 d - 7 rations
 f - 5 chunks of flesh


   Skills:
 + Level 2.4 Fighting
 + Level 2.5 Long Blades
 + Level 1.7 Armour
 + Level 2.2 Dodging
 + Level 2.3 Stealth
 + Level 2.9 Spellcasting
 + Level 3.5 Charms
 + Level 1.4 Translocations


You had one spell level left.
You knew the following spells:

 Your Spells              Type           Power        Failure   Level  Hunger
a - Song of Slaying       Chrm           ##......     11%         2    ###....
b - Infusion              Chrm           ##..         7%          1    #......
r - Regeneration          Chrm/Necr      #.........   41%         3    ###....
s - Shroud of Golubria    Chrm/Tloc      #.....       16%         2    ###....

Your spell library contained the following spells:

 Spells                   Type           Power        Failure   Level  Hunger
 Spectral Weapon          Hex/Chrm       #.......     41%         3    ###....


Dungeon Overview and Level Annotations

Branches:
Dungeon (4/15)
 Temple: D:4-7

Altars:
Zin

Annotations:
D:4 Blork the orc


Innate Abilities, Weirdness & Mutations

You have extremely sharp teeth.
Your natural rate of healing is unusually fast.
When hurt, damage is shared between your health and your magic reserves.
Your bite disrupts and absorbs the magic of your enemies.
Potions cannot restore your health.
You are immune to rotting.


Message History

Confirm with . or Enter, or press ? or * to list all spells.
Space distorts slightly along a thin shroud covering your body.
Blork the orc barely misses you.
You closely miss Blork the orc.
You bite Blork the orc, but do no damage.
Blork the orc is moderately wounded.
Blork the orc screams, "I'll eat your brain!
And then I'll vomit it back up!"
Blork the orc misses you.
You closely miss Blork the orc.
Blork the orc is moderately wounded.
You are feeling hungry.
Blork the orc hits you but does no damage.
Blork the orc hits you with a +0 dire flail.
* * * LOW HITPOINT WARNING * * *
Your shroud falls apart!
You hit Blork the orc but do no damage.
You bite Blork the orc, but do no damage.
Blork the orc is moderately wounded.
Blork the orc hits you with a +0 dire flail!
You die...

..#####............#.#..##### ...
..#...###.................... ...
..#..........(...###.#...######..
.................................
..#...###.......####.###...####..
..#...###.......## #.# ##........
###.........##...###.# ##(.#.....
#.......##....o.....###.........
#.......##.....@.........#.##...
#.......##...(..................
#.......##..........###..#......
#..(....##..........####........
#.......###########..)..........
#.......# ########........
#......#........ #.............>.
#......#........


You could see Blork the orc.

Vanquished Creatures
  A hound (D:4)
  Jessica (D:3)
  4 gnolls (D:3)
  4 adders (D:2)
  An ooze (D:1)
  4 worms
  4 leopard geckos
  5 giant cockroaches
  6 hobgoblins
  2 jackals (D:3)
  A quokka (D:2)
  A ball python (D:1)
  8 bats
  3 frilled lizards
  11 goblins
  5 kobolds
  3 rats
64 creatures vanquished.

Notes
Turn   | Place    | Note
-------+----------+-------------------------------------------
     0 | D:1      | Arixos the Vine Stalker Skald began the quest for the Orb.
     0 | D:1      | Reached XP level 1. HP: 11/11 MP: 4/4
    88 | D:1      | Reached skill level 1 in Armour
    88 | D:1      | Reached XP level 2. HP: 9/15 MP: 3/6
    92 | D:1      | Learned a level 2 spell: Shroud of Golubria
   494 | D:1      | Reached XP level 3. HP: 18/18 MP: 7/7
   523 | D:1      | Reached skill level 1 in Stealth
  1119 | D:2      | Gained mutation: Your natural rate of healing is unusually
                  | fast. [Vine Stalker growth]
  1119 | D:2      | Reached XP level 4. HP: 22/23 MP: 8/8
  1217 | D:2      | Learned a level 2 spell: Song of Slaying
  1221 | D:2      | Learned a level 3 spell: Regeneration
  1255 | D:2      | Found a faded altar of an unknown god.
  1506 | D:3      | Reached skill level 1 in Translocations
  1540 | D:3      | Noticed Jessica
  1552 | D:3      | Killed Jessica
  1552 | D:3      | Reached XP level 5. HP: 25/27 MP: 7/10
  1632 | D:3      | Found a glowing silver altar of Zin.
  2016 | D:3      | HP: 1/27 [gnoll/+0 halberd (8)]
  2565 | D:4      | Noticed Blork the orc
  2608 | D:4      | Slain by Blork the orc

Skill      XL: |  1  2  3  4  5 |
---------------+----------------+-----
Armour         | 1 |  1.7
Fighting       | 2 |  2.4
Long Blades    | 2 |  2.5
Stealth        | 1 2 |  2.3
Dodging        | 2 |  2.2
Translocations | 1 |  1.4
Spellcasting   | |  2.9
Charms         | |  3.5

Action                   |  1- 3 |  4- 6 || total
-------------------------+-------+-------++-------
Melee: Falchion          |    95 |   126 ||   221
       Bite              |    28 |    47 ||    75
 Cast: Shroud of Golubri |     5 |    22 ||    27
       Song of Slaying   |       |     3 ||     3
       Regeneration      |       |     3 ||     3
 Stab: Sleeping          |     5 |     1 ||     6
  Eat: Chunk             |     1 |     7 ||     8
Armor: Leather armour    |    34 |    17 ||    51
Dodge: Dodged            |    68 |    90 ||   158
       Rpst.: Falchion   |    16 |    23 ||    39
